SKY
CHICAGO WHITE SOX @ OAKLAND ATHLETICS
08/21/2051
 
TOP OF THE 1ST
Chicago White Sox batting - Pitching for Oakland Athletics : RHP Regan Pore
Pitching: RHP Regan Pore
Batting: SHB Nicodemo Alcorta 0-0: Fly out, F9 (Flyball, 9S, EV 93.1 MPH)
Batting: LHB Ben Viet 0-0: Ball
1-0: Called Strike
1-1: Fly out, F8 (Flyball, 8RM, EV 99.4 MPH)
Batting: SHB Logan McKinnie 0-0: Foul Ball, location: 3FF
0-1: Ball
1-1: Ball
2-1: Ball
3-1: Swinging Strike
3-2: Fly out, F9 (Flyball, 9D, EV 101.3 MPH)
Top of the 1st over - 0 runs, 0 hits, 0 errors, 0 left on base; Chicago 0 - Oakland 0
BOTTOM OF THE 1ST
Oakland Athletics batting - Pitching for Chicago White Sox : RHP Dax Moore
Pitching: RHP Dax Moore
Batting: LHB Amistad Berrios 0-0: Bunt for hit to 15S - play at first, batter OUT! 1-3
Batting: RHB Oliver Melendez 0-0: SINGLE (Line Drive, 7S, EV 95.6 MPH)
Batting: LHB Jimmy Miramontes 0-0: Ball
1-0: Ground out 5-3 (Groundball, 56S, EV 70.6 MPH)
Oliver Melendez to second
Batting: RHB Jacob Hitchens 0-0: Called Strike
0-1: Fly out, F4 (Popup, 4S, EV 73.1 MPH)
Bottom of the 1st over - 0 runs, 1 hit, 0 errors, 1 left on base; Chicago 0 - Oakland 0
TOP OF THE 2ND
Chicago White Sox batting - Pitching for Oakland Athletics : RHP Regan Pore
Batting: LHB Noah DuBois 0-0: Called Strike
0-1: Fly out, F7 (Flyball, 78M, EV 78.8 MPH)
Batting: SHB Eric Hughes 0-0: Foul Ball, location: 7LSF
0-1: Foul Ball, location: 5SF
0-2: Ground out 5-3 (Groundball, 5S, EV 92.5 MPH)
Batting: LHB Gabriel Wright 0-0: Ball
1-0: Called Strike
1-1: Fly out, F3 (Popup, 3L, EV 65.0 MPH)
Top of the 2nd over - 0 runs, 0 hits, 0 errors, 0 left on base; Chicago 0 - Oakland 0
BOTTOM OF THE 2ND
Oakland Athletics batting - Pitching for Chicago White Sox : RHP Dax Moore
Batting: LHB Walker Hogue 0-0: Called Strike
0-1: Called Strike
0-2: SOLO HOME RUN (Flyball, 7D, EV 96.9 MPH), Distance : 384 ft
Batting: RHB Isaac Cabarga 0-0: Called Strike
0-1: Swinging Strike
0-2: Strikes out looking
Batting: RHB Oliver Combs 0-0: Ball
1-0: DOUBLE (Groundball, 5L, EV 105.6 MPH)
Batting: LHB Samuel Sullivan 0-0: Called Strike
0-1: Ball
1-1: Foul Ball, location: 7LMF
1-2: Foul Ball, location: 5F
1-2: Fly out, F7 (Flyball, 7S, EV 91.3 MPH)
Batting: LHB Harley Valles 0-0: Called Strike
0-1: Foul Ball, location: 7LDF
0-2: Foul Ball, location: 2F
0-2: Ball
1-2: Strikes out swinging
Bottom of the 2nd over - 1 run, 2 hits, 0 errors, 1 left on base; Chicago 0 - Oakland 1
TOP OF THE 3RD
Chicago White Sox batting - Pitching for Oakland Athletics : RHP Regan Pore
Batting: RHB Marshall Freeman 0-0: Ball
1-0: Ball
2-0: Fly out, F7 (Flyball, 7LM, EV 103.1 MPH)
Batting: RHB Stanford Parker 0-0: Called Strike
0-1: Foul Ball, location: 9LDF
0-2: SINGLE (Line Drive, 7S, EV 91.3 MPH)
Batting: LHB Brandon Falguiere 0-0: Called Strike
0-1: Fly out, F9 (Flyball, 89M, EV 83.1 MPH)
Batting: SHB Nicodemo Alcorta 0-0: Ground out 5-3 (Groundball, 56S, EV 80.0 MPH)
Top of the 3rd over - 0 runs, 1 hit, 0 errors, 1 left on base; Chicago 0 - Oakland 1
BOTTOM OF THE 3RD
Oakland Athletics batting - Pitching for Chicago White Sox : RHP Dax Moore
Batting: LHB Amistad Berrios 0-0: Called Strike
0-1: Bunt for hit to 3S - play at first, batter OUT! 3-4
Batting: RHB Oliver Melendez 0-0: Called Strike
0-1: Called Strike
0-2: Foul Ball, location: 9LMF
0-2: Strikes out swinging
Batting: LHB Jimmy Miramontes 0-0: Called Strike
0-1: Swinging Strike
0-2: Foul Ball, location: 2F
0-2: Ball
1-2: Strikes out swinging
Bottom of the 3rd over - 0 runs, 0 hits, 0 errors, 0 left on base; Chicago 0 - Oakland 1
TOP OF THE 4TH
Chicago White Sox batting - Pitching for Oakland Athletics : RHP Regan Pore
Batting: LHB Ben Viet 0-0: Called Strike
0-1: Called Strike
0-2: Ball
1-2: Foul Ball, location: 2F
1-2: Foul Ball, location: 3F
1-2: Ball
2-2: Foul Ball, location: 9LMF
2-2: Foul Ball, location: 2F
2-2: Ball
3-2: Base on Balls
Batting: SHB Logan McKinnie 0-0: DOUBLE (Flyball, 8LXD, EV 98.1 MPH)
Ben Viet to third
Batting: LHB Noah DuBois 0-0: Ball
1-0: Swinging Strike
1-1: Foul Ball, location: 5FF
1-2: Foul Ball, location: 25FF
1-2: Reached on error, E4 (Groundball, 4, EV 63.8 MPH)
Ben Viet scores
Batting: SHB Eric Hughes 0-0: Ball
1-0: Called Strike
1-1: Foul Ball, location: 7LMF
1-2: Ball
2-2: Foul Ball, location: 2F
2-2: Fly out, F7 (Flyball, 7S, EV 90.0 MPH)
Batting: LHB Gabriel Wright 0-0: Swinging Strike
0-1: Ball
1-1: Ball
2-1: Fly out, F8 (Flyball, 8LD, EV 88.1 MPH)
Batting: RHB Marshall Freeman 0-0: Ball
1-0: Ball
2-0: Called Strike
2-1: Ground out 5-3 (Groundball, 56S, EV 85.0 MPH)
Top of the 4th over - 1 run, 1 hit, 1 error, 2 left on base; Chicago 1 - Oakland 1
BOTTOM OF THE 4TH
Oakland Athletics batting - Pitching for Chicago White Sox : RHP Dax Moore
Batting: RHB Jacob Hitchens 0-0: Ball
1-0: Called Strike
1-1: Swinging Strike
1-2: Foul Ball, location: 2F
1-2: Ball
2-2: Fly out, F2 (Popup, 2LF, EV 86.3 MPH)
Batting: LHB Walker Hogue 0-0: Called Strike
0-1: Ball
1-1: Ball
2-1: Ball
3-1: Ground out 4-3 (Groundball, 4, EV 84.4 MPH)
Batting: RHB Isaac Cabarga 0-0: Ball
1-0: Swinging Strike
1-1: Called Strike
1-2: Foul Ball, location: 2F
1-2: Strikes out swinging
Bottom of the 4th over - 0 runs, 0 hits, 0 errors, 0 left on base; Chicago 1 - Oakland 1
TOP OF THE 5TH
Chicago White Sox batting - Pitching for Oakland Athletics : RHP Regan Pore
Batting: RHB Stanford Parker 0-0: Ball
1-0: SINGLE (Line Drive, 4MD, EV 101.3 MPH)
Batting: LHB Brandon Falguiere 0-0: Ball
1-0: Ball
2-0: Sac Bunt to 13S - play at first, batter OUT! 1-3
Stanford Parker to second
Batting: SHB Nicodemo Alcorta 0-0: Ball
1-0: Foul Ball, location: 9LMF
1-1: Ball
2-1: Foul Ball, location: 2F
2-2: Ball
3-2: DOUBLE (Line Drive, 7LM, EV 97.5 MPH)
Stanford Parker scores
Batting: LHB Ben Viet 0-0: Ball
1-0: Ball
2-0: Foul Ball, location: 23FF
2-1: Fly out, F9 (Line Drive, 9S, EV 92.5 MPH)
Batting: SHB Logan McKinnie 0-0: Swinging Strike
0-1: Foul Ball, location: 3DF
0-2: SINGLE (Line Drive, 78S, EV 89.4 MPH)
Nicodemo Alcorta to third
Runner from 3rd tries for Home, SAFE, throw by LF to home
Batting: LHB Noah DuBois 0-0: Ball
1-0: Ball
2-0: Called Strike
2-1: Ball
3-1: Fly out, F5 (Popup, 5F, EV 69.4 MPH)
Top of the 5th over - 2 runs, 3 hits, 0 errors, 1 left on base; Chicago 3 - Oakland 1
BOTTOM OF THE 5TH
Oakland Athletics batting - Pitching for Chicago White Sox : RHP Dax Moore
Batting: RHB Oliver Combs 0-0: Ball
1-0: Called Strike
1-1: Called Strike
1-2: Strikes out looking
Batting: LHB Samuel Sullivan 0-0: Swinging Strike
0-1: Foul Ball, location: 7LMF
0-2: Ball
1-2: Ball
2-2: Ball
3-2: Foul Ball, location: 2F
3-2: Strikes out swinging
Batting: LHB Harley Valles 0-0: Ball
1-0: Foul Ball, location: 9LDF
1-1: Called Strike
1-2: Ball
2-2: Strikes out looking
Bottom of the 5th over - 0 runs, 0 hits, 0 errors, 0 left on base; Chicago 3 - Oakland 1
TOP OF THE 6TH
Chicago White Sox batting - Pitching for Oakland Athletics : RHP Regan Pore
Batting: SHB Eric Hughes 0-0: Called Strike
0-1: Swinging Strike
0-2: Foul Ball, location: 2F
0-2: Foul Ball, location: 2F
0-2: Ball
1-2: Ground out 6-3 (Groundball, 6S, EV 89.4 MPH)
Batting: LHB Gabriel Wright 0-0: Called Strike
0-1: Swinging Strike
0-2: Strikes out swinging
Batting: RHB Marshall Freeman 0-0: Ball
1-0: Ground out 1-3 (Groundball, 13, EV 69.4 MPH)
Top of the 6th over - 0 runs, 0 hits, 0 errors, 0 left on base; Chicago 3 - Oakland 1
BOTTOM OF THE 6TH
Oakland Athletics batting - Pitching for Chicago White Sox : RHP Dax Moore
Batting: LHB Amistad Berrios 0-0: Called Strike
0-1: Ball
1-1: Foul Ball, location: 2F
1-2: SINGLE (Line Drive, 8LS, EV 92.5 MPH)
Batting: RHB Oliver Melendez 0-0: Ball
1-0: Bunted foul
1-1: Sac Bunt to 25 - play at first, batter OUT! 5-3
Amistad Berrios to second
Batting: LHB Jimmy Miramontes 0-0: Ball
1-0: Ball
2-0: Ball
3-0: Called Strike
3-1: Ground out 4-3 (Groundball, 4M, EV 90.6 MPH)
Amistad Berrios to third
Batting: RHB Jacob Hitchens 0-0: Ball
1-0: Called Strike
1-1: Fly out, F7 (Flyball, 78S, EV 86.9 MPH)
Bottom of the 6th over - 0 runs, 1 hit, 0 errors, 1 left on base; Chicago 3 - Oakland 1
TOP OF THE 7TH
Chicago White Sox batting - Pitching for Oakland Athletics : RHP Regan Pore
Batting: RHB Stanford Parker 0-0: Called Strike
0-1: Ball
1-1: Ball
2-1: Swinging Strike
2-2: Ball
3-2: Fly out, F8 (Flyball, 8RD, EV 101.3 MPH)
Pitching: LHP Alex Barboza
Batting: LHB Brandon Falguiere 0-0: Swinging Strike
0-1: Foul Ball, location: 2F
0-2: Fly out, F8 (Flyball, 78M, EV 90.6 MPH)
Batting: SHB Nicodemo Alcorta 0-0: Called Strike
0-1: Swinging Strike
0-2: Foul Ball, location: 9LDF
0-2: Ball
1-2: Foul Ball, location: 7LMF
1-2: Strikes out swinging
Top of the 7th over - 0 runs, 0 hits, 0 errors, 0 left on base; Chicago 3 - Oakland 1
BOTTOM OF THE 7TH
Oakland Athletics batting - Pitching for Chicago White Sox : RHP Dax Moore
Pitching: RHP Jonah Burton
Batting: LHB Walker Hogue 0-0: Ball
1-0: Foul Ball, location: 2LF
1-1: Ball
2-1: Ball
3-1: Base on Balls
Batting: RHB Isaac Cabarga 0-0: Ball
1-0: Ball
2-0: Foul Ball, location: 2F
2-1: Foul Ball, location: 9LSF
2-2: Ball
3-2: Base on Balls
Walker Hogue to second
Batting: RHB Oliver Combs 0-0: Ball
1-0: Ball
2-0: 3-RUN HOME RUN (Flyball, 7D, EV 105.6 MPH), Distance : 375 ft
Pitching: RHP Lawson Riccitelli
Batting: LHB Samuel Sullivan 0-0: Ball
1-0: Ball
2-0: Called Strike
2-1: Fly out, F7 (Flyball, 78S, EV 83.8 MPH)
Batting: LHB Harley Valles 0-0: Ball
1-0: Called Strike
1-1: Ball
2-1: Foul Ball, location: 2F
2-2: Fly out, F7 (Line Drive, 7, EV 93.8 MPH)
Batting: LHB Amistad Berrios 0-0: Ball
1-0: Ball
2-0: Foul Ball, location: 5F
2-1: Foul Ball, location: 2F
2-2: Strikes out looking
Bottom of the 7th over - 3 runs, 1 hit, 0 errors, 0 left on base; Chicago 3 - Oakland 4
TOP OF THE 8TH
Chicago White Sox batting - Pitching for Oakland Athletics : LHP Alex Barboza
Batting: LHB Ben Viet 0-0: Ball
1-0: Ball
2-0: Called Strike
2-1: Swinging Strike
2-2: Ball
3-2: Strikes out swinging
Pitching: RHP Iglesias Cortez
Batting: SHB Logan McKinnie 0-0: SINGLE (Line Drive, 89S, EV 100.6 MPH)
Batting: LHB Noah DuBois 0-0: Ball
1-0: Ball
2-0: Called Strike
2-1: Fly out, F6 (Flyball, 56D, EV 96.9 MPH)
Batting: SHB Eric Hughes 0-0: Ball
1-0: Called Strike
1-1: Ball
2-1: Ground out 4-3 (Groundball, 4, EV 104.4 MPH)
Top of the 8th over - 0 runs, 1 hit, 0 errors, 1 left on base; Chicago 3 - Oakland 4
BOTTOM OF THE 8TH
Oakland Athletics batting - Pitching for Chicago White Sox : RHP Lawson Riccitelli
Batting: RHB Oliver Melendez 0-0: Called Strike
0-1: Ball
1-1: Ground out 4-3 (Groundball, 4MS, EV 71.9 MPH)
Batting: LHB Jimmy Miramontes 0-0: Swinging Strike
0-1: Swinging Strike
0-2: Ball
1-2: Ground out 6-3 (Groundball, 6M, EV 77.5 MPH)
Batting: RHB Jacob Hitchens 0-0: Ball
1-0: Called Strike
1-1: Called Strike
1-2: Foul Ball, location: 5F
1-2: Ball
2-2: Strikes out looking
Bottom of the 8th over - 0 runs, 0 hits, 0 errors, 0 left on base; Chicago 3 - Oakland 4
TOP OF THE 9TH
Chicago White Sox batting - Pitching for Oakland Athletics : RHP Iglesias Cortez
Pitching: RHP Jon Szymanowski
Now in LF: Gerardo Campos
Batting: LHB Gabriel Wright 0-0: Ball
1-0: Foul Ball, location: 9LDF
1-1: Called Strike
1-2: Foul Ball, location: 5FF
1-2: Strikes out looking
Batting: RHB Marshall Freeman 0-0: Swinging Strike
0-1: Ball
1-1: Ball
2-1: Fly out, F8 (Flyball, 8RD, EV 96.9 MPH)
Pinch Hitting: LHB Jeremy Tate 0-0: Foul Ball, location: 9LSF
0-1: Ball
1-1: Swinging Strike
1-2: SINGLE (Line Drive, 78S, EV 99.4 MPH)
Pinch Hitting: RHB Ryan Felker 0-0: Ball
1-0: Ball
2-0: Ball
3-0: Base on Balls
Jeremy Tate to second
Batting: SHB Nicodemo Alcorta 0-0: Foul Ball, location: 5SF
0-1: Foul Ball, location: 9LMF
0-2: Ball
1-2: Ball
2-2: Ball
3-2: Ground out 6-3 (Groundball, 6, EV 102.5 MPH)
Top of the 9th over - 0 runs, 1 hit, 0 errors, 2 left on base; Chicago 3 - Oakland 4
Wednesday, March 27th , 2024 - OOTP Baseball 24.11 Build 85